 Dungeon Crawl Stone Soup version 0.31-a0-544-gceb718ecc6 (webtiles) character file.

Game seed: 10255236062175437731

164644 Newt the Severer (level 17, -4/128 HPs)
             Began as a Demonspawn Gladiator on Aug 15, 2023.
             Was an Initiate of Gozag.
             Slain by a tyrant leech (17 damage)
             ... on level 2 of the Swamp.
             The game lasted 00:45:04 (27769 turns).

Newt the Severer (Demonspawn Gladiator)            Turns: 27769, Time: 00:45:05

Health: -4/128     AC: 36    Str: 22    XL:     17   Next: 26%
Magic:  29/29      EV: 15    Int:  9    God:    Gozag
Gold:   4348       SH:  9    Dex: 16    Spells: 30/32 levels left

rFire   . . .        a - +9 executioner's axe (venom)
rCold   + + .        (shield currently unavailable)
rNeg    + + .        V - +10 plate armour of Pan-Flutes {Regen+}
rPois   .            Q - +2 hat {Will+}
rElec   +            (cloak unavailable)
rCorr   .            (no gloves)
SInv    +            R - +0 pair of boots of Serendipity {rN++ Slay+6 Stlth-}
Will    ++...        O - amulet of reflection Stlth
                     d - +4 ring of protection
HPRegen 1.21/turn    E - ring "Tudioham" {rElec SInv}
MPRegen 0.21/turn

%: reflection
@: mighty, agile, wereblooded, gold aura, very slow
A: slimy green scales 2, foul stench 1, powered by pain 3, corrupting presence
1, weakness stinger 3, large bone plates 1, cold resistance 2
a: Renounce Religion, Potion Petition, Call Merchant, Bribe Branch


You were on level 2 of the Swamp.
You worshipped Gozag.
Gozag was most pleased with you.
You visited 5 branches of the dungeon, and saw 25 of its levels.
You also visited: Bailey and Ice Cave.

You collected 10080 gold pieces.
You spent 4244 gold pieces at shops.
You paid 1488 gold pieces to Gozag.

Inventory:

Hand Weapons
 a - a +9 executioner's axe of venom (weapon)
 b - the +5 morningstar "Hepsiy" {venom, rC+ Will+ Stlth+}
   (You took it off an orc warrior in a bailey)

   rC+:       It protects you from cold.
   Will+:     It increases your willpower.
   Stlth+:    It makes you more stealthy.
Missiles
 f - 57 poisoned darts
 i - 8 boomerangs
 r - 6 atropa-tipped darts
 x - 3 javelins
Armour
 F - the +0 tower shield of Focus {Regen+ Int+5 Dex-4 Stlth+}
   (You took it off Louise on level 14 of the Dungeon)

   Int+5:     It affects your intelligence (+5).
   Dex-4:     It affects your dexterity (-4).
   Regen+:    It increases your rate of health regeneration.
   Stlth+:    It makes you more stealthy.
 Q - a +2 hat of willpower (worn)
 R - the +0 pair of boots of Serendipity (worn) {rN++ Slay+6 Stlth-}
   (You found it on level 14 of the Dungeon)

   Slay+6:    It affects your accuracy & damage with ranged weapons and melee
   (+6).
   rN++:      It greatly protects you from negative energy.
   Stlth-:    It makes you less stealthy.
 S - a +2 pair of boots
 T - a +2 ring mail of fire resistance
 V - the +10 plate armour of Pan-Flutes (worn) {Regen+}
   (You bought it in a shop on level 1 of the Dungeon)

   Regen+:    It increases your rate of health regeneration.
 X - the +4 skin of Zhor {*Englaciate rC+++ SInv}
   (You found it in an ice cave)

   *Englaciate: It radiates cold, occasionally slowing all nearby creatures who
   are not resistant to cold.
   rC+++:     It renders you almost immune to cold.
   SInv:      It lets you see invisible.
Jewellery
 d - a +4 ring of protection (left hand)
 h - a ring of ice
 w - a +5 ring of evasion
 A - an amulet of guardian spirit
 E - the ring "Tudioham" (right hand) {rElec SInv}
   (You bought it in a shop on level 2 of the Orcish Mines)

   [ring of see invisible]

   rElec:     It insulates you from electricity.
   SInv:      It lets you see invisible.
 O - an amulet of reflection (around neck)
 U - an amulet of magic regeneration
Wands
 e - a wand of paralysis (11)
 n - a wand of polymorph (12)
 y - a wand of mindburst (16)
 G - a wand of roots (11)
 M - a wand of flame (46)
 W - a wand of digging (9)
 Y - a wand of quicksilver (15)
Scrolls
 c - 3 scrolls of silence
 k - 12 scrolls of teleportation
 p - 2 scrolls of fog
 u - 3 scrolls of blinking
 z - 2 scrolls of brand weapon
 B - 5 scrolls of amnesia
 D - 2 scrolls of summoning
 P - a scroll of fear
Potions
 g - 3 potions of enlightenment
 j - 2 potions of mutation
 l - 2 potions of magic
 m - a potion of berserk rage
 o - 2 potions of attraction
 q - 5 potions of heal wounds
 s - 6 potions of might
 v - 5 potions of lignification
 C - 3 potions of haste
 H - 2 potions of ambrosia
 I - 2 potions of invisibility
 J - 7 potions of curing
 K - a potion of resistance
 L - 4 potions of cancellation
 Z - a potion of brilliance
Miscellaneous
 t - a sack of spiders
 N - a phantom mirror


   Skills:
 - Level 10.0 Fighting
 - Level 2.6 Short Blades
 - Level 19.7(20.0) Axes
 - Level 5.0(14.1) Maces & Flails
 - Level 4.4(5.5) Staves
 - Level 9.7 Throwing
 + Level 12.2 Armour
 - Level 6.0 Dodging
 - Level 3.0 Stealth
 - Level 8.3 Spellcasting
 - Level 8.4 Transmutations
 - Level 6.0 Evocations


You had 30 spell levels left.
You knew the following spells:

 Your Spells              Type           Power      Damage    Failure   Level
a - Wereblood             Tmut           18%        N/A       10%         2

Your spell library contained the following spells:

 Spells                   Type           Power      Damage    Failure   Level
 Ignite Poison            Fire/Tmut/Pois 8%         N/A       88%         3
 Apportation              Tloc           6%         N/A       89%         1
 Magic Dart               Conj           12%        1d3       89%         1
 Necrotise                Necr           12%        1d4       89%         1
 Summon Small Mammal      Summ           12%        N/A       89%         1
 Call Imp                 Summ           6%         N/A       96%         2
 Ensorcelled Hibernation  Hex/Ice        6%         N/A       96%         2
 Gell's Gravitas          Tloc           3%         N/A       99%         3
 Mephitic Cloud           Conj/Pois/Air  3%         N/A       99%         3
 Teleport Other           Tloc           3%         N/A       99%         3
 Vampiric Draining        Necr           3%         2d6       99%         3
 Volatile Blastmotes      Fire/Tloc      6%         2d10      99%         3
 Anguish                  Hex/Necr       1%         N/A       100%        4
 Cause Fear               Hex            1%         N/A       100%        4
 Fulminant Prism          Conj/Hex       1%         3d5       100%        4
 Iskenderun's Mystic Bla  Conj/Tloc      3%         2d3       100%        4
 Manifold Assault         Tloc           3%         N/A       100%        4
 Agony                    Necr           3%         N/A       100%        5
 Alistair's Intoxication  Tmut/Pois      7%         N/A       100%        5
 Borgnjor's Vile Clutch   Necr/Erth      1%         N/A       100%        5
 Fireball                 Conj/Fire      1%         3d3       100%        5
 Irradiate                Conj/Tmut      5%         3d13      100%        5
 Summon Forest            Summ/Tloc      1%         N/A       100%        5
 Summon Mana Viper        Hex/Summ       3%         N/A       100%        5
 Dispersal                Tloc           1%         N/A       100%        6
 Eringya's Noxious Bog    Tmut/Pois      5%         4d6       100%        6
 Summon Cactus Giant      Summ           1%         N/A       100%        6
 Enfeeble                 Hex            1%         N/A       100%        7
 Disjunction              Tloc           1%         N/A       100%        8
 Dragon's Call            Summ           1%         N/A       100%        9


Dungeon Overview and Level Annotations

Branches:
Dungeon (15/15)            Temple (1/1) D:4            Lair (5/5) D:8
  Swamp (2/4) Lair:2       Spider (0/4) Lair:2        Slime (0/5) Lair:4
    Orc (2/2) D:9             Elf (0/3) Orc:2        Vaults (0/5) D:13
 Depths (0/4) D:15         Bailey (visited)           IceCv (visited)

Altars:
Ashenzari
Cheibriados
Dithmenos
Fedhas
Gozag
Hepliaklqana
Kikubaaqudgha
Makhleb
Nemelex Xobeh
Okawaru
Qazlal
Ru
Sif Muna
Trog
Uskayaw
Vehumet
Wu Jian
Xom
Yredelemnul
Jiyva

Shops:
D:1 ?[   D:4 *   D:7 (   D:11 :   Orc:1 *?   Orc:2 ?:=*   Swamp:1 *?

Annotations:
D:9 exclusion: statue
Lair:5 2 transporters, jejorda2's ghost, journeyman GnBe


Innate Abilities, Weirdness & Mutations

You are mostly covered in slimy green scales. (AC +3)
You may rarely emit foul miasma when damaged in melee.
You are powered by pain.
Your presence sometimes corrodes those you injure.
You have a sharp stinger which inflicts weakening toxins.
You are partially covered in large bone plates. (SH +4)
Your flesh is very cold resistant. (rC++)


Message History

Your unstable footing causes you to fumble your attack.
The alligator bites you but does no damage.
The alligator tail-slaps you.
The foxfire hits you but does no damage.
You block the tyrant leech's attack. The alligator completely misses you.
The alligator tail-slaps you.
Unknown command.
Your unstable footing causes you to fumble your attack.
You are engulfed in a cloud of scalding steam.
The foxfire hits you!
You focus on the pain.
You feel agile all of a sudden. The alligator misses you.
The alligator tail-slaps you but does no damage.
The alligator bites you but does no damage.
The alligator tail-slaps you but does no damage.
The tyrant leech closely misses you.
The will-o-the-wisp gestures.
The will-o-the-wisp conjures some foxfire! 2 foxfires come into view.
You barely miss the alligator.
The alligator is almost dead.
You closely miss the tyrant leech. You slice the alligator!!
The alligator is poisoned.
You are engulfed in a cloud of scalding steam.
The foxfire hits you!!
* * * LOW HITPOINT WARNING * * *
You focus on the pain.
You feel very mighty all of a sudden. The alligator barely misses you.
The alligator tail-slaps you but does no damage.
The alligator closely misses you. The alligator completely misses you.
The foxfire hits you!!
* * * LOW HITPOINT WARNING * * *
You focus on the pain.
You feel mightier all of a sudden.
The alligator bites you but does no damage.
The alligator tail-slaps you but does no damage.
The tyrant leech bites you!
You die...
Your body crumbles into a pile of gold.

§..~~..~~~♣
~§~~~[~~.♣.~...♣ .. ~~~
~~....♣♣♣...§~..♣♣.♣♣~~~
~~§..♣♣ ~..~§~.....>.~~
~.♣♣♣♣ ♣..~~~~~~~..~~
~~♣ ♣♣..~~~~~~~..~~ .~♣
♣~♣♣.~~~~~~.<~~ ~♣♣
♣.~~♣.w.t$..§~~ ~.♣
♣.~..§~@§§§v.~~ ..♣
§♣♣♣.§~$t§§§[.. ~♣♣
♣..~~~~.♣~.§ .♣♣♣
♣♣♣♣♣~..D~~.♣ .
♣.~♣♣♣♣♣♣~~♣~.^..♣~~♣
♣...~♣~~.~~...~~~...♣
~.~~.~♣~.~..~~~~~~~..~
.~~~~.♣§♣♣♣~§~.§~~~~...
~~~.~...~♣♣~..~~§~~~..~


You could see 2 alligators, a four-headed hydra, a tyrant leech (extremely
poisoned, corroded) and a will-o-the-wisp.

Vanquished Creatures
  Jorgrun (D:15)
  A lich (IceCv)
  A tengu reaver (D:14)
  Roxanne (Swamp:1)
  Louise (D:14)
  2 orc warlords
  A very ugly thing (IceCv)
  The ghost of Paidunot the Warrior, a journeyman BaHu of Nemelex Xobeh (D:14)
  3 eleionomae
  Azrael (D:15)
  2 dire elephants (Lair:5)
  8 bunyips
  A deep elf high priest (D:14)
  4 vault guards (D:13)
  7 hydras
  4 ogre magi (Orc:2)
  A rakshasa (D:15)
  2 catoblepae
  The ghost of Palms the Martial Artist, a journeyman GnSh of Gozag (D:11)
  4 ghost crabs
  6 centaur warriors
  2 caustic shrike simulacra (IceCv)
  23 two-headed ogres
  6 boulder beetles
  4 alligators (Swamp:2)
  2 tengu warriors (D:14)
  3 death yaks (Lair:5)
  2 orc high priests
  Sonja (Lair:1)
  10 skeletal warriors
  A spectral anaconda (Lair:5)
  A spriggan simulacrum (IceCv)
  A glowing orange brain (D:15)
  2 swamp dragons
  A spriggan druid (Swamp:1)
  6 bog bodies
  2 wizards
  A deep elf zephyrmancer (D:9)
  2 obsidian statues
  12 orc knights
  3 orc sorcerers
  An oklob plant (Lair:4)
  5 necromancers
  5 deep elf pyromancers
  A wolf spider (Lair:2)
  10 ugly things
  Maurice (D:8)
  11 cyclopes
  4 manticores
  2 will-o-the-wisps (Swamp:1)
  11 elephants
  2 gargoyles
  2 ice statues (Swamp:1)
  5 black mambas
  19 cane toads
  An unseen horror (D:12)
  Psyche (D:12)
  6 yaktaurs
  2 efreet
  4 rime drakes
  10 freezing wraiths (IceCv)
  6 kobold demonologists
  14 komodo dragons
  4 ice devils (IceCv)
  A queen bee (D:11)
  2 anaconda simulacra (IceCv)
  A merfolk (shapeshifter) (D:15)
  3 golden dragon simulacra (IceCv)
  A troll (shapeshifter) (D:14)
  A meliai (D:11)
  5 tyrant leeches
  2 hornets
  4 polar bears
  8 trolls
  Grinder (D:3)
  16 blink frogs
  5 dream sheep (Lair:3)
  12 slime creatures
  3 jumping spiders (Lair:2)
  A shadow (D:10)
  2 spriggans (Swamp:1)
  A water elemental (D:14)
  5 wyverns
  7 dire elephant simulacra
  Eustachio (D:4)
  4 fire elementals (D:15)
  25 yaks
  A human (D:13)
  6 basilisks
  2 steam dragons (Lair:2)
  A minotaur simulacrum (IceCv)
  4 wargs
  10 vampire mosquitoes
  3 spectral cane toads (Lair:5)
  6 harpy simulacra (IceCv)
  A hydra simulacrum (IceCv)
  An acid dragon (D:12)
  3 hell hounds
  8 water moccasins
  6 swamp worms
  40 orc warriors
  Pargi (D:4)
  3 ice beasts
  A swamp drake (D:9)
  2 sky beasts (D:7)
  30 ogres
  12 wolves
  4 alligator simulacra (IceCv)
  15 centaurs
  A phantom (D:5)
  6 kobold brigands
  7 bullfrogs
  4 gnoll sergeants
  A cane toad simulacrum (Lair:5)
  A scorpion (D:6)
  6 wights
  An elephant simulacrum (Lair:5)
  32 killer bees
  3 lindwurm simulacra (IceCv)
  7 howler monkeys
  2 electric eels
  A crimson imp (D:9)
  A jelly (D:6)
  An iron imp (D:9)
  7 hounds
  Crazy Yiuf (D:3)
  A gnoll bouda (Orc:2)
  24 orc priests
  10 iguanas
  24 orc wizards
  A howler monkey zombie (D:3)
  27 gnolls
  8 adders
  A shadow imp (D:9)
  A white imp (D:9)
  2 ufetubi
  65 orcs
  8 ball pythons
  10 endoplasms
  2 giant cockroaches
  25 goblins
  20 hobgoblins
  7 jackals
  3 quokkas
  7 bats
  6 frilled lizards
  A jackal zombie (D:3)
  32 kobolds
  6 rats
909 creatures vanquished.

Vanquished Creatures (collateral kills)
  An ogre (Orc:2)
  A wight (D:8)
  A killer bee (D:8)
3 creatures vanquished.

Vanquished Creatures (others)
  A wizard (D:13)
  2 orcs (D:14)
  14 foxfires
17 creatures vanquished.

Grand Total: 929 creatures vanquished

Notes
Turn   | Place    | Note
-------+----------+-------------------------------------------
     0 | D:1      | Newt the Demonspawn Gladiator began the quest for the Orb.
     0 | D:1      | Reached XP level 1. HP: 16/16 MP: 1/1
   297 | D:1      | Gained mutation: You sometimes gain a little power by
                  | taking damage. [demonic ancestry]
   297 | D:1      | Reached XP level 2. HP: 21/23 MP: 2/2
   367 | D:1      | Found Wuruhy's Antique Armour Boutique.
   941 | D:1      | Found Boejaiwugho's Magic Scroll Shop.
  1130 | D:2      | Reached XP level 3. HP: 18/29 MP: 3/3
  1572 | D:2      | Gained mutation: You have a small tail. [demonic ancestry]
  1572 | D:2      | Reached XP level 4. HP: 24/37 MP: 4/4
  2387 | D:3      | Reached XP level 5. HP: 27/42 MP: 5/5
  2562 | D:3      | You fall into a shaft and drop 3 floors!
  2562 | D:6      | Found a shimmering altar of Xom.
  2568 | D:5      | Entered Level 5 of the Dungeon
  2894 | D:4      | Found a staircase to the Ecumenical Temple.
  2902 | Temple   | Entered the Ecumenical Temple
  2963 | D:4      | Noticed Eustachio
  3010 | D:5      | HP: 1/42 [hound (4)]
  3012 | D:5      | Reached skill level 1 in Stealth
  3374 | D:4      | Killed Eustachio
  3375 | D:4      | Reached skill level 1 in Armour
  3375 | D:4      | Reached XP level 6. HP: 20/48 MP: 6/6
  4061 | Temple   | Became a worshipper of Gozag Ym Sagoz the Greedy
  4694 | D:4      | Found Cadah's General Store.
  4797 | D:4      | Gained mutation: You are partially covered in slimy green
                  | scales. (AC +2) [demonic ancestry]
  4797 | D:4      | Reached XP level 7. HP: 30/54 MP: 7/7
  5095 | D:4      | Noticed Pargi
  5115 | D:4      | Killed Pargi
  5116 | D:4      | Reached skill level 5 in Throwing
  5197 | D:1      | Bought a scroll of identify for 22 gold pieces
  5197 | D:1      | Bought a scroll of identify for 22 gold pieces
  5197 | D:1      | Bought a scroll of identify for 22 gold pieces
  5283 | D:3      | Found a faded altar of an unknown god.
  5287 | D:3      | Found a hazy altar of Hepliaklqana.
  5426 | D:3      | Found a runed translucent door.
  5427 | D:3      | Noticed Crazy Yiuf
  5803 | D:3      | Found a faded altar of an unknown god.
  5928 | D:3      | Found a basalt altar of Yredelemnul.
  5984 | D:3      | Noticed Grinder
  5985 | D:3      | Found a sacrificial altar of Ru.
  5991 | D:3      | Paralysed by Grinder for 3 turns
  6002 | D:3      | Paralysed by Grinder for 5 turns
  6013 | D:3      | Paralysed by Grinder for 3 turns
  6017 | D:3      | Paralysed by Grinder for 2 turns
  6030 | D:3      | Killed Grinder
  6180 | D:3      | Killed Crazy Yiuf
  6341 | D:5      | Reached skill level 5 in Fighting
  6448 | D:5      | Gained mutation: You have a tail ending in a sharp stinger.
                  | [demonic ancestry]
  6448 | D:5      | Reached XP level 8. HP: 61/62 MP: 8/8
  6646 | D:5      | Reached skill level 1 in Staves
  7232 | D:1      | Bought a fine troll leather armour for 460 gold pieces
  7232 | D:1      | Identified the +0 troll leather armour of the Swan {Regen+
                  | Int+3} (You bought it in a shop on level 1 of the Dungeon)
  7541 | D:6      | Identified the +4 ring mail "Mennen" {rElec rF- rC++}
  7700 | D:7      | Noticed a komodo dragon
  7812 | D:7      | Found a flagged portal.
  7823 | Bailey   | Entered a bailey
  7870 | Bailey   | Gained mutation: You have a sharp stinger which inflicts
                  | weakening toxins. [demonic ancestry]
  7870 | Bailey   | Reached XP level 9. HP: 40/72 MP: 3/9
  7968 | Bailey   | Noticed an orc knight
  8000 | Bailey   | Killed an orc knight
  8127 | Bailey   | Reached skill level 5 in Dodging
  8129 | Bailey   | Identified the +5 morningstar "Hepsiy" {venom, rC+ Will+
                  | Stlth+}
  8151 | Bailey   | Noticed an orc warlord
  8352 | Bailey   | Reached skill level 1 in Maces & Flails
  8397 | Bailey   | Killed an orc warlord
  8398 | Bailey   | Gained mutation: You may rarely emit foul miasma when
                  | damaged in melee. [demonic ancestry]
  8398 | Bailey   | Reached XP level 10. HP: 40/80 MP: 5/10
  8510 | Bailey   | Reached skill level 5 in Maces & Flails
  8608 | D:7      | Reached skill level 7 in Axes
  8608 | D:7      | Gained mutation: You sometimes gain power by taking damage.
                  | [demonic ancestry]
  8608 | D:7      | Reached XP level 11. HP: 86/86 MP: 11/11
  8880 | D:7      | Found Boqacal's Weapon Emporium.
  9318 | D:8      | Found a staircase to the Lair.
  9330 | D:8      | Reached skill level 8 in Axes
 10105 | D:8      | Noticed Maurice
 10114 | D:8      | Paralysed by Maurice for 5 turns
 10117 | D:8      | Killed Maurice
 10118 | D:8      | Reached skill level 9 in Axes
 10358 | D:8      | Found a burning altar of Makhleb.
 10397 | D:9      | Noticed a two-headed ogre
 10404 | D:9      | Killed a two-headed ogre
 10492 | D:9      | Found a radiant altar of Vehumet.
 10583 | D:9      | Noticed a +0 hand axe
 10583 | D:9      | Noticed a +0 hand axe
 10591 | D:9      | Found a hide-covered altar of Uskayaw.
 10598 | D:9      | Found an ornate altar of the Wu Jian Council.
 10607 | D:9      | Found a staircase to the Orcish Mines.
 10963 | D:9      | Identified the +4 dagger of Soynlui {heavy, rF++ rN+}
 11042 | D:9      | Reached skill level 10 in Fighting
 11225 | D:9      | Reached skill level 1 in Evocations
 11227 | D:9      | Noticed a deep elf zephyrmancer
 11232 | D:9      | Killed a deep elf zephyrmancer
 11240 | D:9      | Noticed a deep elf pyromancer
 11250 | D:9      | Killed a deep elf pyromancer
 11333 | D:10     | Entered Level 10 of the Dungeon
 11335 | D:10     | Noticed a two-headed ogre
 11343 | D:10     | Killed a two-headed ogre
 11344 | D:10     | Gained mutation: You are powered by pain. [demonic
                  | ancestry]
 11344 | D:10     | Reached XP level 12. HP: 62/97 MP: 12/12
 11483 | D:10     | Reached skill level 5 in Evocations
 11720 | D:10     | Found a stormy altar of Qazlal.
 12403 | D:1      | Bought a transparent plate armour for 644 gold pieces
 12403 | D:1      | Identified the +0 plate armour of Card Tricks {SInv} (You
                  | bought it in a shop on level 1 of the Dungeon)
 12403 | D:1      | Bought a brightly glowing plate armour for 644 gold pieces
 12403 | D:1      | Identified the +10 plate armour of Pan-Flutes {Regen+} (You
                  | bought it in a shop on level 1 of the Dungeon)
 12578 | Lair:1   | Entered Level 1 of the Lair of Beasts
 12722 | Lair:1   | Reached skill level 10 in Axes
 13012 | Lair:1   | Noticed Sonja
 13026 | Lair:1   | Killed Sonja
 13394 | Lair:2   | Reached skill level 11 in Axes
 13484 | Lair:2   | Found a staircase to the Swamp.
 13647 | Lair:2   | Noticed a six-headed hydra
 13656 | Lair:2   | Killed a seven-headed hydra
 13808 | Lair:2   | Reached skill level 12 in Axes
 14180 | Lair:2   | Found a hole to the Spider Nest.
 14191 | Lair:2   | Gained mutation: Your presence sometimes corrodes those you
                  | injure. [demonic ancestry]
 14191 | Lair:2   | Reached XP level 13. HP: 80/103 MP: 13/13
 14564 | Lair:2   | Gained mutation: Your flesh is cold resistant. (rC+)
                  | [potion of mutation]
 14564 | Lair:2   | Gained mutation: You are partially covered in large bone
                  | plates. (SH +4) [potion of mutation]
 14564 | Lair:2   | Gained mutation: Your flesh is very cold resistant. (rC++)
                  | [potion of mutation]
 14622 | Lair:3   | Reached skill level 13 in Axes
 15885 | Lair:4   | Identified the +11 chain mail "Zaaton" {Str-2 Int+2 Dex+2}
 16221 | Lair:4   | Found a viscous altar of Jiyva.
 16222 | Lair:4   | Found a staircase to the Slime Pits.
 16675 | Lair:5   | Entered Level 5 of the Lair of Beasts
 16868 | Lair:5   | Reached skill level 10 in Armour
 16920 | Lair:5   | Found a transporter.
 16922 | Lair:5   | Noticed a dire elephant
 16923 | Lair:5   | Noticed jejorda2's ghost (journeyman GnBe)
 16957 | Lair:5   | Found a transporter.
 17071 | Lair:5   | Noticed a dire elephant
 17071 | Lair:5   | Noticed a dire elephant
 17143 | Lair:5   | Killed a dire elephant
 17157 | Lair:5   | Killed a dire elephant
 17163 | Lair:5   | Reached XP level 14. HP: 45/110 MP: 14/14
 18290 | Orc:1    | Entered Level 1 of the Orcish Mines
 18431 | Orc:1    | Found Lyomeos's General Store.
 18483 | Orc:1    | Found Eloawn's Specific Store.
 18521 | Orc:1    | Bought a book of Changes for 288 gold pieces
 18524 | Orc:1    | Learned a level 2 spell: Wereblood
 18733 | Orc:1    | Found Royply's Magic Scroll Shoppe.
 18737 | Orc:1    | Bought a scroll of enchant weapon for 90 gold pieces
 18824 | Orc:2    | Entered Level 2 of the Orcish Mines
 18890 | Orc:1    | Reached skill level 1 in Spellcasting
 18890 | Orc:1    | Reached skill level 1 in Transmutations
 19164 | Orc:2    | Found a staircase to the Elven Halls.
 19223 | Orc:2    | Paralysed by something for 2 turns
 19264 | Orc:2    | HP: 5/110 [ogre/+0 giant club (18)]
 19276 | Orc:2    | Reached skill level 5 in Spellcasting
 19276 | Orc:2    | Reached skill level 5 in Transmutations
 19291 | Orc:2    | Gained mutation: You are mostly covered in slimy green
                  | scales. (AC +3) [demonic ancestry]
 19291 | Orc:2    | Reached XP level 15. HP: 34/115 MP: 21/23
 19727 | Orc:2    | Found Duqoh's Magic Scroll Emporium.
 19727 | Orc:2    | Found Suef's Book Shop.
 19728 | Orc:2    | Found Erroichou's Jewellery Shop.
 19728 | Orc:2    | Found Nihutat's General Store.
 19735 | Orc:2    | Bought a scroll of acquirement for 676 gold pieces
 19736 | Orc:2    | Acquired a manual of Axes
 19740 | Orc:2    | Bought a potion of berserk rage for 80 gold pieces
 19740 | Orc:2    | Bought a potion of heal wounds for 80 gold pieces
 19740 | Orc:2    | Bought a potion of might for 64 gold pieces
 19741 | Orc:2    | Bought the ring "Tudioham" {rElec SInv} for 493 gold pieces
 20186 | D:11     | Found Geuxosoh's Book Boutique.
 20313 | D:11     | Found a transporter.
 20315 | D:11     | Found a transporter.
 20335 | D:11     | Noticed Palms's ghost (journeyman GnSh)
 20910 | D:11     | Killed Palms's ghost
 21313 | D:12     | Noticed Psyche
 21322 | D:12     | Killed Psyche
 22014 | D:13     | Got the Spellbook of the Tincture and Sinister Ceremonies
 22256 | D:13     | Found a gate to the Vaults.
 22535 | D:14     | Found a runed translucent gate.
 22535 | D:14     | Found a runed translucent gate.
 22535 | D:14     | Found a runed translucent gate.
 22553 | D:14     | Identified the +3 whip "Kuattoz" {freeze, +Blink rPois
                  | Str-3}
 22565 | D:14     | Noticed Paidunot's ghost (journeyman BaHu)
 22678 | D:13     | Reached skill level 14 in Axes
 23328 | D:14     | Identified the +0 tower shield of Focus {Regen+ Int+5 Dex-4
                  | Stlth+}
 23328 | D:14     | Noticed Louise
 23350 | D:14     | Killed Louise
 23351 | D:14     | Reached skill level 15 in Axes
 23501 | D:14     | Noticed a tengu reaver
 23515 | D:14     | Killed a tengu reaver
 23526 | D:14     | Reached skill level 16 in Axes
 23728 | D:14     | Reached XP level 16. HP: 107/122 MP: 26/28
 23729 | D:14     | Killed Paidunot's ghost
 23756 | D:14     | Identified the +0 pair of boots of Serendipity {rN++ Slay+6
                  | Stlth-}
 23836 | D:15     | Entered Level 15 of the Dungeon
 23836 | D:15     | Noticed Azrael
 23866 | D:15     | Reached skill level 17 in Axes
 23878 | D:15     | Killed Azrael
 24274 | D:15     | Reached skill level 18 in Axes
 24371 | D:15     | Found a staircase to the Depths.
 24437 | D:15     | Noticed Jorgrun
 24452 | D:15     | Killed Jorgrun
 25184 | D:15     | Reached skill level 19 in Axes
 25462 | Swamp:1  | Entered Level 1 of the Swamp
 25713 | Swamp:1  | Noticed Roxanne
 25733 | Swamp:1  | Killed Roxanne
 25768 | Swamp:1  | Bought a scroll of brand weapon for 171 gold pieces
 25768 | Swamp:1  | Bought a scroll of teleportation for 54 gold pieces
 25768 | Swamp:1  | Bought a scroll of teleportation for 54 gold pieces
 25771 | Swamp:1  | Bought a potion of curing for 114 gold pieces
 25771 | Swamp:1  | Bought a potion of might for 152 gold pieces
 25771 | Swamp:1  | Bought a potion of curing for 114 gold pieces
 26066 | Swamp:1  | Found a frozen archway.
 26084 | IceCv    | Entered an ice cave
 26413 | IceCv    | Found an ancient bone altar of Kikubaaqudgha.
 26441 | IceCv    | Reached XP level 17. HP: 119/128 MP: 29/29
 26514 | IceCv    | Found the +4 skin of Zhor {*Englaciate rC+++ SInv}
 26582 | IceCv    | Noticed a lich
 26604 | IceCv    | Killed a lich
 27769 | Swamp:2  | Slain by a tyrant leech

Illustrated notes

Levels and vault maps discovered:
D:1:      lightli_arrival_flooded_house, layout_basic, serial_shops,
          nicolae_shop_rolled_up, shop, minmay_pentomino_r4
D:2:      cheibrodos_old_hovel, layout_rooms, minmay_strange_pillars,
          minmay_quadrilaterals
D:3:      layout_loops_ring, lemuel_zombie_altar_yredelemnul,
          nicolae_overflow_ecumenical_swirl, nicolae_ru_path_of_blood,
          hellmonk_ecumenical_altar_dog_temple, chequers_jeans,
          grunt_decor_clamped, minmay_fountain_box, minmay_pentomino_pile,
          uniq_grinder, uniq_crazy_yiuf_cottage
D:4:      layout_gridville, lemuel_round_altar, minmay_temple_entry_overgrown,
          serial_shops, shop, dk_noncrumbling_4, uniq_eustachio, uniq_pargi
D:5:      layout_gridville
D:6:      layout_basic, brannock_xom_greatest_gift, st_stairs_4
D:7:      layout_basic, enter_bailey_7, serial_shops,
          nicolae_shop_tiny_statue_garden
D:8:      layout_loops_ring, lightli_temple_of_fire, erik_lair_island,
          uniq_maurice
D:9:      layout_big_octagon, vehumet_statue, mainiacjoe_overflow_alcove_1,
          dancing_weapons_uskayaw, hangedman_minor_magic
D:10:     layout_rooms, nicolae_qazlal_scattered_showers,
          minmay_misc_feat_rugged, st_stairs_9
D:11:     layout_irregular_city, gammafunk_ghost_hive, serial_shops, shop
D:12:     layout_roguey, kennysheep_generic_room_10, uniq_psyche
D:13:     orc_temple, layout_basic, grunt_vaults_entry_fortified
D:14:     layout_gridville, minivault_14, biasface_ghost_orc_armoury,
          minmay_radiant, uniq_louise
D:15:     gammafunk_enter_depths_forms, layout_layer_cave,
          nicolae_figureground_sparkle, minmay_fractal_squares_gapless_5,
          uniq_azrael, uniq_jorgrun
Temple:   nicolae_temple_godzebo
Lair:1:   layout_roguey, pdpol_lair_neglected_garden,
          chequers_serial_rivers_micro_c, uniq_sonja
Lair:2:   layout_chaotic_city, swamp_mist_pool, spider_nest_entry_funnel_web,
          beast_lair_carwin_2
Lair:3:   beast_lair_carwin_large_4, layout_regular_city, serial_bayou,
          serial_bayou_lagoon_b, serial_bayou_ford_a, serial_bayou_crossing,
          serial_bayou_lagoon_a, serial_bayou_pond_b, serial_bayou_shore_b
Lair:4:   layout_gridlike, slime_entry_1
Lair:5:   due_jungle_book, layout_loops_ring, gammafunk_ghost_arena,
          grunt_megastairs_1
Swamp:1:  layout_basic_swamp, portal_ice_cave_entry_ice_statue_two,
          evilmike_swamp_ruin_house_2, nicolae_swamp_bunyip_nook, uniq_roxanne
Swamp:2:  layout_basic_swamp, evilmike_swamp_ruin_rubble_1, swamp_pool4
Orc:1:    layout_caves, serial_shops, nicolae_shop_back_alley_shop,
          nicolae_specific_store
Orc:2:    st_orc_ogre_mass, layout_diamond_mine

Skill      XL: |  1  2  3  4  5  6  7  8  9 10 11 12 13 14 15 16 17 |
---------------+----------------------------------------------------+-----
Fighting       | 3 4 5 7 8 10 | 10.0
Throwing       | 2 3 4 6 7 9 |  9.7
Stealth        | 3 |  3.0
Armour         | 1 3 6 10 12 | 12.2
Staves         | 4 |  4.4
Dodging        | 6 |  6.0
Maces & Flails | 4 5 |  5.0
Axes           | 7 9 12 13 16 19 | 19.7
Evocations     | 3 6 |  6.0
Spellcasting   | 5 8 |  8.3
Transmutations | 5 8 |  8.4
Short Blades   | |  2.6

Action                     |  1- 3 |  4- 6 |  7- 9 | 10-12 | 13-15 | 16-18 || total
---------------------------+-------+-------+-------+-------+-------+-------++-------
  Melee: Rapier            |   103 |   274 |    93 |       |       |       ||   470
         Punch             |     1 |     1 |     1 |       |       |       ||     3
         Tailslap          |       |    31 |    44 |    45 |   147 |    91 ||   358
         Quarterstaff      |       |       |   171 |       |       |       ||   171
         Morningstar       |       |       |    25 |     9 |    10 |    17 ||    61
         Executioner's axe |       |       |       |   399 |   853 |   437 ||  1689
         Unarmed           |       |       |       |     7 |       |       ||     7
  Throw: Boomerang         |    14 |    16 |    45 |     4 |    23 |       ||   102
         Throwing net      |     1 |     5 |     5 |       |       |       ||    11
         Dart              |       |     5 |     9 |     5 |     1 |       ||    20
         Javelin           |       |     1 |       |       |       |       ||     1
   Cast: Wereblood         |       |       |       |       |    13 |    15 ||    28
 Invoke: Call Merchant     |       |       |       |       |       |     2 ||     2
  Evoke: Wand              |       |       |       |     8 |       |       ||     8
         Phantom mirror    |       |       |       |       |     1 |       ||     1
    Use: Scroll            |       |     6 |    17 |     7 |     9 |       ||    39
         Potion            |       |     2 |     4 |     3 |     9 |     3 ||    21
   Stab: Held in net/web   |     2 |     1 |     3 |       |       |       ||     6
         Sleeping          |       |     3 |     6 |     3 |       |       ||    12
         Distracted        |       |       |     2 |     5 |    15 |     3 ||    25
         Invisible         |       |       |       |       |    12 |     8 ||    20
 Armour: Leather armour    |    37 |   165 |    87 |       |       |       ||   289
         Troll leather arm |       |       |    74 |   181 |       |       ||   255
         Plate armour      |       |       |       |   129 |   688 |   351 ||  1168
  Dodge: Dodged            |    65 |   237 |   250 |   406 |   420 |   178 ||  1556
         Repelled          |       |       |     1 |       |       |       ||     1
  Block: Other             |       |       |       |    78 |   415 |   174 ||   667
         Reflection        |       |       |       |       |    24 |    14 ||    38

Table legend: (Time is in decaauts)
 A = Elapsed time spent in this place.
 B = Non-inter-level travel time spent in this place.
 C = Inter-level travel time spent in this place.
 D = Time resting spent in this place.
 E = Time spent auto-exploring this place.
 F = Levels seen in this place.
 G = Mean time per level.
                   A        B        C        D        E       F      G
               +--------+--------+--------+--------+--------+-----+--------+
         Total |  28395 |  26383 |   2012 |   4859 |  15849 |  27 | 1051.7 |
       Dungeon |  17315 |  15855 |   1460 |   2871 |   9617 |  15 | 1154.3 |
        Temple |    122 |     28 |     94 |      0 |      0 |   1 |  122.0 |
          Lair |   6064 |   5758 |    306 |    870 |   3821 |   5 | 1212.8 |
         Swamp |   1483 |   1461 |     22 |    279 |    848 |   2 |  741.5 |
  Orcish Mines |   1855 |   1726 |    129 |    398 |   1018 |   2 |  927.5 |
        Bailey |    841 |    841 |      0 |    260 |    189 |   1 |  841.0 |
      Ice Cave |    714 |    714 |      0 |    181 |    356 |   1 |  714.0 |
               +--------+--------+--------+--------+--------+-----+--------+

Top non-repeatable levels by time:
     D:5: 1938 daAuts
  Lair:5: 1519 daAuts
     D:4: 1496 daAuts
  Lair:2: 1452 daAuts
    D:13: 1448 daAuts
    D:15: 1410 daAuts
     D:3: 1347 daAuts
     D:1: 1338 daAuts
  Lair:3: 1284 daAuts
     D:8: 1199 daAuts
   Orc:2: 1185 daAuts
     D:2: 1175 daAuts
    D:11: 1080 daAuts
     D:9: 1061 daAuts
 Swamp:1: 1012 daAuts
